Map: Dusk Towers

Players

Vincent - Winner!

  • Race: Zerg Zerg
  • League: Grandmaster

Miszu

  • Race: Terran Terran
  • League: Grandmaster

VOD

Have the link to the VOD?

Description

Time

  • Played on: May 16, 2016, 5:06 p.m.
  • Length: 13:48
Show
View Real Time Build Order
Export as new Build Order

Vincent Zerg - Winner!

Build Orders: Hatch First 

Get SALT Encoding   

  12  0:01  Drone  
  13  0:12  Overlord  
  13  0:17  Drone  
  14  0:31  Drone x2  
  14  0:34  Drone  
  17  0:53  Hatchery  
  17  0:55  Drone  
  17  0:58  Drone  
  18  1:10  Extractor  
  17  1:13  Spawning Pool  
  17  1:15  Drone  
  17  1:19  Drone  
  18  1:28  Drone  
  19  1:38  Overlord  
  19  1:50  Drone  
  20  1:59  Queen  
  22  2:01  Zergling x2  
  22  2:04  Queen  
  22  2:05  Zergling x2  
  26  2:10  Metabolic Boost  
  26  2:13  Drone  
  28  2:15  Drone  
  28  2:24  Drone  
  28  2:26  Drone  
  30  2:32  Drone  
  30  2:35  Queen  
  33  2:39  Overlord  
  33  2:44  Drone  
  33  2:50  Pneumatized Carapace  
  34  2:54  Drone x2  
  34  2:58  Overlord  
  36  3:08  Drone x4  
  40  3:15  Drone x3  
  40  3:16  Drone  
  44  3:34  Hatchery  
  44  3:38  Roach Warren  
  44  3:40  Lair  
  42  3:43  Drone x2  
  42  3:47  Drone x3  
  47  3:52  Extractor  
  46  3:59  Spore Crawler  
  46  4:00  Spore Crawler  
  46  4:01  Drone x3  
  47  4:06  Drone x4  
  47  4:09  Spore Crawler  
  50  4:14  Queen  
  52  4:22  Overlord  
  52  4:23  Overlord  
  52  4:24  Overlord  
  52  4:41  Overseer  
  52  4:45  Overseer  
  52  4:47  Roach x3  
  52  4:50  Drone x7  
  65  4:56  Evolution Chamber  
  65  4:57  Queen, Evolution Chamber  
  65  5:07  Overlord  
  65  5:11  Extractor, Drone  
  65  5:12  Extractor  
  64  5:16  Overlord  
  64  5:17  Roach  
  64  5:18  Roach x3  
  72  5:22  Spore Crawler  
  72  5:23  Spore Crawler  
  72  5:24  Spore Crawler  
  72  5:26  Drone  
  72  5:27  Drone x3  
  73  5:36  Drone  
  73  5:37  Drone x6  
  73  5:41  Zerg Missile Weapons Level 1  
  80  5:45  Zerg Ground Armor Level 1  
  80  5:54  Hydralisk Den  
  79  5:59  Extractor, Drone  
  79  6:00  Extractor, Drone x6  
  84  6:07  Overlord  
  83  6:24  Queen x2  
  82  6:30  Drone  
  82  6:31  Infestation Pit, Drone x4  
  84  6:39  Drone x3  
  89  6:40  Drone x4  
  89  6:50  Muscular Augments  
  89  6:56  Overlord x3  
  89  7:10  Hatchery  
  89  7:11  Hive  
  88  7:15  Drone  
  88  7:16  Drone x4  
  88  7:17  Hydralisk x2  
  97  7:25  Hydralisk x3  
  103  7:38  Hydralisk x5  
  113  7:48  Zerg Ground Armor Level 2  
  113  7:49  Zerg Missile Weapons Level 2  
  113  7:57  Overlord x4  
  113  7:59  Extractor  
  113  8:02  Extractor  
  111  8:24  Drone x2  
  111  8:25  Viper x4, Drone  
  111  8:27  Drone x10  
  127  8:32  Hydralisk  
  138  8:34  Hatchery  
  137  8:45  Ravager  
  137  8:46  Ravager x3  
  137  8:47  Roach  
  143  8:48  Overlord x2, Spore Crawler  
  143  8:49  Overlord x3  
  141  9:02  Overlord  
  141  9:09  Hydralisk x5, Roach x4  
  153  9:10  Roach  
  161  9:22  Overlord  
  161  9:27  Drone x6  
  161  9:28  Drone x2  
  161  9:29  Drone x5  
  174  9:34  Roach  
  174  9:35  Roach x2  
  180  9:42  Roach x3  
  180  9:43  Hydralisk Den  
  180  9:44  Extractor  
  184  9:48  Extractor  
  184  9:50  Ravager x3  
  184  9:51  Ravager x5  
  191  10:07  Spore Crawler  
  160  10:33  Hydralisk x11, Roach  
  179  10:42  Hydralisk x13, Roach  
  166  10:48  Overlord  
  173  10:56  Hydralisk x3, Roach  
  174  11:12  Overseer x2  
  174  11:16  Drone  
  174  11:17  Drone x4  
  179  11:25  Drone x9  
  188  11:35  Hydralisk x4  
  188  11:38  Hatchery  
  195  11:48  Viper  
  198  12:06  Hydralisk  
  198  12:07  Hydralisk x7, Roach  
  174  12:16  Overseer x3  
  174  12:20  Hydralisk x8, Roach  
  180  12:26  Hydralisk x2  
  180  12:27  Roach  
  174  12:37  Hydralisk x2  
  174  12:38  Hydralisk x2  
  182  12:49  Drone  
  182  12:50  Overlord  
  182  12:51  Overlord  
  183  13:03  Hydralisk  
  183  13:04  Hydralisk x2  
  183  13:05  Extractor  
  188  13:08  Extractor  
  188  13:10  Extractor  
  186  13:14  Spore Crawler  
  186  13:17  Spore Crawler  
  186  13:19  Roach x2  
  198  13:20  Roach x5  
Show
View Real Time Build Order
Export as new Build Order

Miszu Terran 

Build Orders: Reaper Expand 

Get SALT Encoding   

  12  0:00  SCV  
  13  0:13  SCV  
  14  0:18  Supply Depot  
  14  0:25  SCV  
  15  0:39  SCV  
  15  0:41  Barracks  
  16  0:44  Refinery  
  16  0:53  SCV  
  17  1:13  SCV  
  18  1:28  Orbital Command  
  18  1:30  Reaper  
  19  1:38  Command Center  
  19  1:50  Supply Depot  
  19  1:54  SCV  
  20  2:02  Marine  
  20  2:07  Factory  
  21  2:08  SCV  
  22  2:20  Refinery, SCV  
  23  2:25  Barracks Reactor  
  23  2:32  SCV  
  24  2:45  SCV  
  24  2:51  Orbital Command  
  25  2:55  Starport  
  25  2:57  SCV  
  26  3:08  Hellion x2, Barracks Tech Lab  
  31  3:12  SCV  
  31  3:16  SCV  
  32  3:25  SCV  
  33  3:33  Hellion x2  
  36  3:36  SCV  
  36  3:37  SCV  
  38  3:41  Barracks Reactor  
  38  3:42  Banshee  
  38  3:47  Command Center  
  41  3:48  SCV  
  41  3:49  SCV  
  43  3:56  Supply Depot  
  43  4:01  SCV  
  44  4:03  SCV  
  44  4:06  Refinery  
  44  4:08  Refinery  
  45  4:13  SCV  
  45  4:15  Armory  
  46  4:17  SCV  
  46  4:18  Supply Depot  
  46  4:22  Liberator x2  
  46  4:23  Hellion  
  49  4:25  SCV  
  49  4:29  SCV  
  51  4:37  SCV  
  52  4:42  Supply Depot, SCV  
  59  4:49  SCV  
  60  4:54  SCV  
  62  5:00  Orbital Command  
  62  5:01  SCV  
  62  5:07  SCV  
  63  5:08  Terran Ship Weapons Level 1  
  63  5:15  Hellion x2  
  63  5:16  Liberator x2  
  63  5:19  SCV  
  63  5:20  Supply Depot  
  63  5:21  SCV  
  75  5:37  SCV x2  
  75  5:39  Starport  
  75  5:40  Starport  
  77  5:43  Supply Depot  
  77  5:45  Hellion x2  
  77  5:49  Supply Depot, SCV x2  
  83  6:01  SCV x2  
  83  6:03  Orbital Command  
  85  6:07  Liberator x2  
  85  6:13  SCV x2  
  87  6:25  Starport Tech Lab, SCV x2, Banshee  
  92  6:28  Refinery  
  92  6:29  SCV  
  92  6:31  Refinery  
  89  6:35  Supply Depot  
  89  6:37  SCV x2  
  90  6:40  Hellion x2  
  90  6:41  SCV  
  90  6:45  Banshee  
  96  6:50  Fusion Core, SCV x2  
  96  6:53  Liberator x2, SCV  
  99  7:02  SCV  
  99  7:07  Banshee  
  103  7:12  SCV x2  
  103  7:15  Supply Depot, Command Center  
  111  7:17  Supply Depot  
  111  7:18  Supply Depot, SCV  
  112  7:25  Hellion  
  112  7:26  Hellion, SCV  
  117  7:33  Terran Ship Weapons Level 2  
  117  7:36  Banshee  
  122  7:37  SCV x2  
  122  7:46  Hyperflight Rotors  
  122  7:47  SCV  
  122  7:49  Hellion x2, SCV x2  
  129  7:52  Factory  
  129  7:55  Starport  
  129  7:56  Starport  
  129  7:59  SCV  
  130  8:09  Supply Depot  
  130  8:10  Supply Depot  
  130  8:11  Hellion x2  
  130  8:12  Supply Depot  
  134  8:14  Banshee  
  137  8:26  Banshee  
  140  8:29  Viking x2  
  140  8:32  Hellion x2  
  140  8:33  Starport Tech Lab  
  140  8:34  Starport Tech Lab  
  148  8:41  Factory Tech Lab  
  148  8:50  Refinery  
  148  8:51  Engineering Bay  
  148  8:52  Refinery  
  148  8:55  Banshee x2  
  148  8:56  Advanced Ballistics  
  154  9:04  Supply Depot  
  154  9:05  Infernal Pre-Igniter  
  154  9:06  Supply Depot x2, Hellion  
  154  9:07  Supply Depot, Viking x2  
  154  9:08  Supply Depot  
  160  9:12  Viking  
  162  9:26  Banshee  
  162  9:28  Hellion  
  162  9:30  Hellion x2  
  171  9:33  Planetary Fortress  
  171  9:37  Command Center  
  171  9:41  Sensor Tower  
  171  9:49  Hellion  
  173  10:06  Banshee x3  
  182  10:07  Cloaking Field  
  182  10:12  Hellion x3  
  161  10:29  Banshee  
  161  10:31  Liberator  
  161  10:33  Hellion  
  161  10:34  Hellion  
  128  10:49  Banshee  
  114  10:59  Banshee  
  114  11:02  Hellion x3  
  120  11:04  Command Center  
  120  11:12  Viking x2  
  120  11:14  Liberator  
  118  11:18  Viking  
  118  11:23  Hellion  
  118  11:24  Hellion x2, Command Center  
  118  11:25  Liberator x2  
  126  11:31  Viking  
  131  11:32  Liberator  
  131  11:34  Liberator  
  131  11:44  Liberator  
  131  11:45  Hellion  
  145  11:59  Hellion  
  145  12:00  Hellion  
  149  12:06  Hellion  
  125  12:38  Hellion x3  
  128  12:45  Viking x2  
  128  12:49  Viking  
  128  12:50  Banshee x2  
  128  12:51  Banshee  
  137  13:00  Hellion x2  
  141  13:06  Hellion, Planetary Fortress  
  141  13:08  SCV x2  
  141  13:09  SCV  
  144  13:20  SCV  
  144  13:21  Hellion x2, SCV  
Tags
 
Add a new tag
Caveats
  • Supply blocks, unpowered buildings, or Contaminate may cause inaccurate times.
  • Supply counts are checked every 10 seconds.